Lightning vs Jets (R1)

Created - March 12, 2020 at 23:49

Goals
1 2 3 T
Lightning 3 6 0 9
Jets 1 2 0 3
Shots
1 2 3 T
Lightning 10 19 10 39
Jets 12 16 11 39

1st period

1. Lightning , Tyler Toffoli 17 (Rasmus Ristolainen 28, Mark Scheifele 15) at 6:03
2. Lightning , Alex Goligoski 8 (Mikael Backlund 2) at 16:51
3. Lightning , Kris Versteeg 23 (Tyler Johnson 31) at 17:31
4. Jets , Adam Henrique 30 (Bobby Ryan 5, Derek Stepan 56) at 18:11

Penalties :
Ronalds Kenins (Win) for Holding (Minor) at 8:01, Jacob Trouba (Win) for Tripping (Minor) at 14:08

2nd period

5. Lightning , Tyler Toffoli 18 (Mark Scheifele 16) at 5:17
6. Lightning , Tyler Johnson 21 (Alex Goligoski 21, Jaden Schwartz 34) at 5:42 (PP)
7. Lightning , Rasmus Ristolainen 15 (Jaden Schwartz 35, Tyler Johnson 32) at 7:37 (PP)
8. Jets , Ryan Johansen 19 (Tyler Myers 31) at 12:37
9. Lightning , Tyler Johnson 22 (Kris Versteeg 24, Dustin Kohn 1) at 13:49
10. Lightning , Patrick Marleau 7 (Patrick Kaleta 14, Rasmus Ristolainen 29) at 14:47
11. Lightning , Kris Versteeg 24 (Joni Pitkanen 15, Henrik Zetterberg 29) at 15:02
12. Jets , Adam Henrique 31 (Ryan Johansen 32, Oscar Klefbom 9) at 19:00 (PP)

Penalties :
Marco Scandella (Win) for Holding Stick (Minor) at 5:24, Tyler Myers (Win) for Tripping (Minor) at 6:25, Dustin Kohn (TB.) for Roughing (Minor) at 18:05

3rd period

No Goal

Penalties :
Kris Versteeg (TB.) for Holding (Minor) at 8:45

Goalie Stats

Philipp Grubauer (TB.), 36 saves from 39 shots - (0.923), W, 23-16-5, 60:00 minutes
Jonathan Bernier (Win), 23 saves from 28 shots - (0.821), L, 16-14-2, 50:30 minutes
Kari Lehtonen (Win), 7 saves from 11 shots - (0.636), 9:30 minutes

Players Stats for Lightning

Player Name              G  A  P  +/- PIM S  H  SB GA TA FO     MP     PP MP  PK MP  
------------------------------------------------------------------------------------
Alex Goligoski           1  1  2  -1  0   1  1  0  1  0  0/0    26:52   2:36   1:13 
Brendan Bell             0  0  0   1  0   1  1  0  0  0  0/0    14:25   0:00   1:41 
Darren Helm              0  0  0   1  0   2  0  0  0  0  0/0     9:35   0:00   0:53 
Dustin Kohn              0  1  1   1  2   1  0  2  0  2  0/0    16:15   2:52   0:00 
Henrik Zetterberg        0  1  1   2  0   2  2  0  1  0  0/1    20:26   2:42   0:36 
Jaden Schwartz           0  2  2   2  0   3  4  0  0  1  1/1    18:14   2:46   0:00 
James Wright             0  0  0   0  0   2  1  0  1  0  1/3    10:20   0:00   0:00 
Jon Merrill              0  0  0  -1  0   0  3  1  0  3  0/0    24:16   0:00   1:13 
Joni Pitkanen            0  1  1   5  0   1  0  0  3  0  0/0    19:28   2:36   1:41 
Kris Versteeg            2  1  3   2  2   5  2  0  0  0  0/2    20:51   2:42   0:55 
Mark Scheifele           0  2  2   2  0   1  0  0  1  0  9/19   18:58   2:42   0:43 
Mikael Backlund          0  1  1   1  0   2  0  0  0  1  0/2     8:35   0:00   0:00 
Patrick Kaleta           0  1  1   0  0   0  1  0  1  0  0/0    10:20   0:00   0:00 
Patrick Marleau          1  0  1   0  0   2  0  0  0  0  0/0    10:20   0:00   0:00 
Rasmus Ristolainen       1  2  3   5  0   4  0  2  1  0  0/0    18:43   2:52   0:00 
Scottie Upshall          0  0  0   1  0   1  0  0  0  0  1/1     9:20   0:00   0:45 
Tyler Johnson            2  2  4   2  0   5  3  0  0  1  20/36  21:52   2:46   1:56 
Tyler Toffoli            2  0  2   2  0   6  1  1  0  0  1/1    18:14   2:46   0:00 

Players Stats for Jets

Player Name              G  A  P  +/- PIM S  H  SB GA TA FO     MP     PP MP  PK MP  
------------------------------------------------------------------------------------
Adam Henrique            2  0  2  -4  0   6  1  0  2  2  1/2    20:36   1:26   0:25 
Bobby Ryan               0  1  1  -4  0   2  2  0  0  0  1/1    22:19   1:26   2:09 
Derek Roy                0  0  0  -1  0   2  0  0  0  0  1/2     8:02   0:00   0:00 
Derek Stepan             0  1  1  -4  0   5  1  1  0  0  16/38  20:16   1:28   0:00 
Eric Gelinas             0  0  0  -1  0   3  0  1  0  1  0/0    20:13   1:16   2:53 
Erik Haula               0  0  0  -1  0   3  0  1  1  2  6/6    12:33   0:00   3:08 
Jacob Trouba             0  0  0  -3  2   3  0  0  0  0  0/0    12:21   0:00   1:20 
Jared Spurgeon           0  0  0  -3  0   0  0  1  1  0  0/0    10:51   0:00   0:00 
Jason Akeson             0  0  0   1  0   0  0  0  1  0  0/0    15:28   0:00   0:00 
Josh Bailey              0  0  0  -1  0   1  2  0  0  0  0/0     9:09   0:00   0:00 
Kevin Hayes              0  0  0  -1  0   0  1  1  0  0  0/0     9:18   1:28   0:00 
Marco Scandella          0  0  0  -1  2   2  3  2  0  1  0/0    29:21   1:38   3:01 
Marcus Johansson         0  0  0   1  0   3  0  1  2  1  1/2    18:07   1:28   0:57 
Oscar Klefbom            0  1  1  -1  0   2  1  1  1  1  0/0    18:22   1:16   1:03 
Ronalds Kenins           0  0  0  -1  2   2  1  0  0  0  0/0    10:06   0:00   2:04 
Ryan Johansen            1  1  2   1  0   3  3  1  0  0  6/12   19:15   1:26   2:11 
Sam Gagner               0  0  0  -1  0   0  1  1  0  0  1/3     9:12   0:00   0:02 
Tyler Myers              0  1  1  -1  2   2  1  1  0  1  0/0    28:59   1:38   2:39 

3 Stars

1 - Tyler Johnson (TB.)
2 - Rasmus Ristolainen (TB.)
3 - Kris Versteeg (TB.)

Power Play

Lightning - 2 on 4 Attempt(s) - 50.00%
Jets - 1 on 2 Attempt(s) - 50.00%

Penalty Kill

Lightning - 1 on 2 Attempt(s) - 50.00% - Score 0 goal in Penalty Kill
Jets - 2 on 4 Attempt(s) - 50.00% - Score 0 goal in Penalty Kill

Team Stat

Lightning - Hits : 19 - Faceoff Wins : 33 - Blocked Shots : 6 - Penalty Minutes : 4
Jets - Hits : 17 - Faceoff Wins : 33 - Blocked Shots : 12 - Penalty Minutes : 8

Official

Referees : Unknown
Linesman : Unknown

Game Notes

Kari Lehtonen enters game at 5:17 of 2nd period
Jonathan Bernier enters game at 14:47 of 2nd period

Finance

Level 1 -- Attendance: 5403 (90.05%) -- Ticket Income $561,912
Level 2 -- Attendance: 3758 (75.16%) -- Ticket Income $281,850
Level 3 -- Attendance: 1498 (74.90%) -- Ticket Income $68,908
Level 4 -- Attendance: 4000 (100.00%) -- Ticket Income $108,000
Luxury Box -- Attendance: 762 (76.20%) -- Ticket Income $144,780
Game was played at the MTS Center.
Total Attendance: 15421 (85.67%)
Total Ticket Income: $1,165,450
Other Income: $174,818
Total Income: $1,340,268

Lightning

5 vs 5 Forward 
   Center                   Left Wing                Right Wing               Time % Phy DF OF 
 1 Tyler Johnson            Henrik Zetterberg        Kris Versteeg            40     1   2  2  
 2 Mark Scheifele           Jaden Schwartz           Tyler Toffoli            35     1   2  2  
 3 James Wright             Patrick Marleau          Patrick Kaleta           20     1   2  2  
 4 Mikael Backlund          Darren Helm              Scottie Upshall          5      1   2  2  

5 vs 5 Defense 
   Defense                  Defense                                           Time % Phy DF OF 
 1 Alex Goligoski           Jon Merrill                                       40     1   2  2  
 2 Rasmus Ristolainen       Joni Pitkanen                                     30     1   2  2  
 3 Brendan Bell             Dustin Kohn                                       20     1   3  1  
 4 Alex Goligoski           Jon Merrill                                       10     1   2  2  

PowerPlay Forward 
   Center                   Left Wing                Right Wing               Time % Phy DF OF 
 1 Tyler Johnson            Jaden Schwartz           Tyler Toffoli            50     1   1  3  
 2 Mark Scheifele           Henrik Zetterberg        Kris Versteeg            50     1   1  3  

PowerPlay Defense
   Defense                  Defense                                           Time % Phy DF OF 
 1 Alex Goligoski           Joni Pitkanen                                     50     1   1  3  
 2 Rasmus Ristolainen       Dustin Kohn                                       50     1   1  3  

Penalty Kill 4 Players Forward 
   Center                   Wing                     Time % Phy DF OF 
 1 Tyler Johnson            Kris Versteeg            60     1   2  2  
 2 Mark Scheifele           Patrick Kaleta           40     1   2  2  

Penalty Kill 4 Players Defense
   Defense                  Defense                  Time % Phy DF OF 
 1 Alex Goligoski           Jon Merrill              60     1   3  1  
 2 Brendan Bell             Joni Pitkanen            40     1   3  1  

Penalty Kill - 3 Players Forward 
   Forward                                           Time % Phy DF OF 
 1 Tyler Johnson                                     60     1   3  1  
 2 Kris Versteeg                                     40     1   3  1  

Penalty Kill - 3 Players Defense
   Defense                  Defense                  Time % Phy DF OF 
 1 Alex Goligoski           Jon Merrill              60     1   3  1  
 2 Brendan Bell             Joni Pitkanen            40     1   3  1  

4 vs 4 Forward 
   Center                   Wing                     Time % Phy DF OF 
 1 Tyler Johnson            Tyler Toffoli            50     1   2  2  
 2 Mark Scheifele           Kris Versteeg            50     1   1  3  

4 vs 4 Defense
   Defense                  Defense                  Time % Phy DF OF 
 1 Alex Goligoski           Jon Merrill              50     1   2  2  
 2 Rasmus Ristolainen       Joni Pitkanen            50     1   1  3  

Last Minutes Offensive
   Center                   Left Wing                Right Wing               Defense                  Defense                  
   Mark Scheifele           Henrik Zetterberg        Kris Versteeg            Alex Goligoski           Rasmus Ristolainen       

Last Minutes Defensive
   Center                   Left Wing                Right Wing               Defense                  Defense                  
   Tyler Johnson            Henrik Zetterberg        Patrick Kaleta           Alex Goligoski           Jon Merrill              

Goaltenders
Starting : Philipp Grubauer         
Backup : Jhonas Enroth            

Extra Forwards
Normal : Tyler Toffoli, Patrick Marleau, Scottie Upshall - PP : Tyler Toffoli, Patrick Marleau - PK : Scottie Upshall
Extra Defensemen
Normal : Rasmus Ristolainen, Dustin Kohn, Jon Merrill - PP : Rasmus Ristolainen - PK : Brendan Bell, Jon Merrill
Penalty Shots
Jaden Schwartz, Mark Scheifele, Kris Versteeg, Tyler Toffoli, Tyler Johnson

Scratches
Pierre-Luc Létourneau (Healthy), Theo Peckham (Healthy), Justin Schultz (Healthy), Andrew Hammond (Healthy)

Jets

5 vs 5 Forward 
   Center                   Left Wing                Right Wing               Time % Phy DF OF 
 1 Derek Stepan             Adam Henrique            Bobby Ryan               36     1   2  2  
 2 Ryan Johansen            Marcus Johansson         Jason Akeson             32     1   2  2  
 3 Sam Gagner               Erik Haula               Josh Bailey              17     1   2  2  
 4 Derek Roy                Ronalds Kenins           Kevin Hayes              15     1   2  2  

5 vs 5 Defense 
   Defense                  Defense                                           Time % Phy DF OF 
 1 Marco Scandella          Tyler Myers                                       40     2   2  1  
 2 Eric Gelinas             Oscar Klefbom                                     30     1   2  2  
 3 Jared Spurgeon           Jacob Trouba                                      20     0   2  3  
 4 Marco Scandella          Tyler Myers                                       10     1   2  2  

PowerPlay Forward 
   Center                   Left Wing                Right Wing               Time % Phy DF OF 
 1 Derek Stepan             Marcus Johansson         Kevin Hayes              60     1   0  4  
 2 Ryan Johansen            Adam Henrique            Bobby Ryan               40     0   0  5  

PowerPlay Defense
   Defense                  Defense                                           Time % Phy DF OF 
 1 Marco Scandella          Tyler Myers                                       60     0   1  4  
 2 Eric Gelinas             Oscar Klefbom                                     40     1   2  2  

Penalty Kill 4 Players Forward 
   Center                   Wing                     Time % Phy DF OF 
 1 Erik Haula               Ronalds Kenins           60     1   3  1  
 2 Ryan Johansen            Bobby Ryan               40     2   3  0  

Penalty Kill 4 Players Defense
   Defense                  Defense                  Time % Phy DF OF 
 1 Marco Scandella          Tyler Myers              60     1   4  0  
 2 Jacob Trouba             Eric Gelinas             40     1   4  0  

Penalty Kill - 3 Players Forward 
   Forward                                           Time % Phy DF OF 
 1 Erik Haula                                        60     0   4  1  
 2 Bobby Ryan                                        40     0   4  1  

Penalty Kill - 3 Players Defense
   Defense                  Defense                  Time % Phy DF OF 
 1 Marco Scandella          Tyler Myers              60     0   4  1  
 2 Eric Gelinas             Jacob Trouba             40     0   4  1  

4 vs 4 Forward 
   Center                   Wing                     Time % Phy DF OF 
 1 Derek Stepan             Adam Henrique            60     1   2  2  
 2 Ryan Johansen            Marcus Johansson         40     1   2  2  

4 vs 4 Defense
   Defense                  Defense                  Time % Phy DF OF 
 1 Marco Scandella          Eric Gelinas             60     1   2  2  
 2 Tyler Myers              Oscar Klefbom            40     1   2  2  

Last Minutes Offensive
   Center                   Left Wing                Right Wing               Defense                  Defense                  
   Derek Stepan             Adam Henrique            Bobby Ryan               Oscar Klefbom            Marco Scandella          

Last Minutes Defensive
   Center                   Left Wing                Right Wing               Defense                  Defense                  
   Ryan Johansen            Erik Haula               Bobby Ryan               Marco Scandella          Tyler Myers              

Goaltenders
Starting : Jonathan Bernier         
Backup : Kari Lehtonen            

Extra Forwards
Normal : Ryan Johansen, Erik Haula, Marcus Johansson - PP : Derek Stepan, Adam Henrique - PK : Bobby Ryan
Extra Defensemen
Normal : Tyler Myers, Marco Scandella, Eric Gelinas - PP : Tyler Myers - PK : Marco Scandella, Eric Gelinas
Penalty Shots
Ryan Johansen, Erik Haula, Adam Henrique, Sam Gagner, Marcus Johansson

Scratches
Nino Niederreiter (Left Ankle Injury)

% Time on Ice - Lightning

Lines # - Real PCT - Wanted PCT - Time Play
Normal Forward
1 - 33% - 40% - 17:17
2 - 30% - 35% - 15:26
3 - 20% - 20% - 10:20
4 - 17% - 5% - 8:35
Normal Defense
1 - 38% - 40% - 19:51
2 - 31% - 30% - 15:58
3 - 24% - 20% - 12:37
4 - 6% - 10% - 3:12
PP Forward
1 - 51% - 50% - 2:46
2 - 49% - 50% - 2:42
PP Defense
1 - 48% - 50% - 2:36
2 - 52% - 50% - 2:52
PK Forward
1 - 100% - 60% - 2:54
2 - 0% - 40% - 0:00
PK Defense
1 - 42% - 60% - 1:13
2 - 58% - 40% - 1:41
PK3 Forward
1 - 0% - 60%
2 - 0% - 40%
PK3 Defense
1 - 0% - 60%
2 - 0% - 40%
44 Forward
1 - 0% - 50%
2 - 0% - 50%
44 Defense
1 - 0% - 50%
2 - 0% - 50%
Last Minute Offensive  - 0:00
Last Minute Defensive  - 0:00
Total
Forward - 60:00
Defense - 60:00

% Time on Ice - Jets

Lines # - Real PCT - Wanted PCT - Time Play
Normal Forward
1 - 37% - 36% - 18:59
2 - 30% - 32% - 15:28
3 - 18% - 17% - 9:09
4 - 16% - 15% - 8:02
Normal Defense
1 - 42% - 40% - 21:32
2 - 31% - 30% - 16:04
3 - 21% - 20% - 10:51
4 - 6% - 10% - 3:11
PP Forward
1 - 51% - 60% - 1:28
2 - 49% - 40% - 1:26
PP Defense
1 - 56% - 60% - 1:38
2 - 44% - 40% - 1:16
PK Forward
1 - 75% - 60% - 4:07
2 - 25% - 40% - 1:21
PK Defense
1 - 61% - 60% - 3:19
2 - 39% - 40% - 2:09
PK3 Forward
1 - 0% - 60%
2 - 0% - 40%
PK3 Defense
1 - 0% - 60%
2 - 0% - 40%
44 Forward
1 - 0% - 60%
2 - 0% - 40%
44 Defense
1 - 0% - 60%
2 - 0% - 40%
Last Minute Offensive  - 0:00
Last Minute Defensive  - 0:00
Total
Forward - 60:00
Defense - 60:00

Play-by-Play

1st period


0:01 of 1st period - Tyler Johnson wins face-off versus Derek Stepan in neutral zone.
0:01 of 1st period - Tyler Johnson is hit by Bobby Ryan.
0:54 of 1st period - Wrist shot by Erik Haula.
0:54 of 1st period - Stopped by Philipp Grubauer with a rebound.
1:14 of 1st period - Slapshot by Oscar Klefbom.
1:14 of 1st period - Shot Blocked by Dustin Kohn.
1:16 of 1st period - Snap shot by Eric Gelinas.
1:16 of 1st period - Stopped by Philipp Grubauer with a rebound.
1:32 of 1st period - Off-side.
1:33 of 1st period - Ryan Johansen wins face-off versus Tyler Johnson in neutral zone.
2:31 of 1st period - Snap shot by Brendan Bell.
2:31 of 1st period - Stopped by Jonathan Bernier with a rebound.
2:33 of 1st period - Slapshot by Tyler Johnson.
2:33 of 1st period - Stopped by Jonathan Bernier with a rebound.
3:11 of 1st period - Wrist shot by Marcus Johansson.
3:11 of 1st period - Shot Misses the Net.
3:48 of 1st period - Wrist shot by Marcus Johansson.
3:48 of 1st period - Stopped by Philipp Grubauer without a rebound.
3:49 of 1st period - Mark Scheifele wins face-off versus Derek Stepan in Lightning zone.
3:58 of 1st period - Jaden Schwartz is hit by Tyler Myers and loses puck.
4:59 of 1st period - Snap shot by Erik Haula.
4:59 of 1st period - Stopped by Philipp Grubauer without a rebound.
5:00 of 1st period - Sam Gagner wins face-off versus Mark Scheifele in Lightning zone.
5:01 of 1st period - Snap shot by Erik Haula.
5:01 of 1st period - Deflect By Sam Gagner.
5:01 of 1st period - Shot Blocked by Rasmus Ristolainen.
5:01 of 1st period - Puck is out of play.
5:02 of 1st period - Mark Scheifele wins face-off versus Sam Gagner in Lightning zone.
5:11 of 1st period - Snap shot by Josh Bailey.
5:11 of 1st period - Stopped by Philipp Grubauer with a rebound.
5:41 of 1st period - Icing by Joni Pitkanen.
5:42 of 1st period - Mark Scheifele wins face-off versus Derek Stepan in Lightning zone.
5:53 of 1st period - Snap shot by Jaden Schwartz.
5:53 of 1st period - Shot Misses the Net.
5:55 of 1st period - Snap shot by Mark Scheifele.
5:55 of 1st period - Shot Misses the Net.
5:57 of 1st period - Slapshot by Rasmus Ristolainen.
5:57 of 1st period - Stopped by Jonathan Bernier with a rebound.
6:01 of 1st period - Snap shot by Tyler Toffoli.
6:01 of 1st period - Shot Blocked by Marco Scandella.
6:03 of 1st period - Wrist shot by Tyler Toffoli.
6:03 of 1st period - Goal by Tyler Toffoli - Lightning : 1 - Jets : 0.
6:04 of 1st period - Bobby Ryan wins face-off versus James Wright in neutral zone.
6:21 of 1st period - Snap shot by Derek Stepan.
6:21 of 1st period - Stopped by Philipp Grubauer with a rebound.
6:50 of 1st period - Snap shot by Tyler Toffoli.
6:50 of 1st period - Shot Misses the Net.
8:01 of 1st period - Minor Penalty to Ronalds Kenins for Holding.
8:02 of 1st period - Erik Haula wins face-off versus Tyler Johnson in Jets zone.
10:01 of 1st period - Penalty to Ronalds Kenins is over, Ronalds Kenins is back on ice.
10:18 of 1st period - Wrist shot by Ronalds Kenins.
10:18 of 1st period - Stopped by Philipp Grubauer without a rebound.
10:19 of 1st period - Derek Stepan wins face-off versus James Wright in Lightning zone.
10:50 of 1st period - Slapshot by Alex Goligoski.
10:50 of 1st period - Deflect By Darren Helm.
10:50 of 1st period - Stopped by Jonathan Bernier without a rebound.
10:51 of 1st period - Derek Stepan wins face-off versus Mark Scheifele in Jets zone.
10:51 of 1st period - Derek Stepan is hit by Brendan Bell.
11:27 of 1st period - Slapshot by Ryan Johansen.
11:27 of 1st period - Shot Misses the Net.
12:21 of 1st period - Slapshot by Derek Stepan.
12:21 of 1st period - Shot Blocked by Rasmus Ristolainen.
12:50 of 1st period - Wrist shot by Kris Versteeg.
12:50 of 1st period - Stopped by Jonathan Bernier without a rebound.
12:51 of 1st period - Tyler Johnson wins face-off versus Ryan Johansen in Jets zone.
12:58 of 1st period - Snap shot by Kris Versteeg.
12:58 of 1st period - Stopped by Jonathan Bernier without a rebound.
12:59 of 1st period - Ryan Johansen wins face-off versus Tyler Johnson in Jets zone.
12:59 of 1st period - Ryan Johansen is hit by Jon Merrill.
13:26 of 1st period - Snap shot by Ryan Johansen.
13:26 of 1st period - Stopped by Philipp Grubauer without a rebound.
13:27 of 1st period - Mark Scheifele wins face-off versus Derek Stepan in Lightning zone.
13:41 of 1st period - Slapshot by Mark Scheifele.
13:41 of 1st period - Shot Blocked by Derek Stepan.
14:08 of 1st period - Minor Penalty to Jacob Trouba for Tripping.
14:09 of 1st period - Erik Haula wins face-off versus Mark Scheifele in Jets zone.
14:09 of 1st period - Erik Haula is hit by Alex Goligoski.
14:20 of 1st period - Off-side.
14:21 of 1st period - Erik Haula wins face-off versus Tyler Johnson in neutral zone.
16:08 of 1st period - Penalty to Jacob Trouba is over, Jacob Trouba is back on ice.
16:51 of 1st period - Slapshot by Alex Goligoski.
16:51 of 1st period - Goal by Alex Goligoski - Lightning : 2 - Jets : 0.
16:52 of 1st period - Tyler Toffoli wins face-off versus Ryan Johansen in neutral zone.
16:57 of 1st period - Slapshot by Jaden Schwartz.
16:57 of 1st period - Shot Misses the Net.
16:59 of 1st period - Slapshot by Alex Goligoski.
16:59 of 1st period - Shot Blocked by Ryan Johansen.
17:29 of 1st period - Snap shot by Kris Versteeg.
17:29 of 1st period - Deflect By Tyler Johnson.
17:29 of 1st period - Stopped by Jonathan Bernier without a rebound.
17:30 of 1st period - Tyler Johnson wins face-off versus Derek Stepan in Jets zone.
17:31 of 1st period - Wrist shot by Kris Versteeg.
17:31 of 1st period - Goal by Kris Versteeg - Lightning : 3 - Jets : 0.
17:32 of 1st period - Derek Stepan wins face-off versus Mark Scheifele in neutral zone.
17:43 of 1st period - Wrist shot by Adam Henrique.
17:43 of 1st period - Shot Misses the Net.
18:05 of 1st period - Snap shot by Adam Henrique.
18:05 of 1st period - Shot Blocked by Jon Merrill.
18:07 of 1st period - Snap shot by Marco Scandella.
18:07 of 1st period - Stopped by Philipp Grubauer with a rebound.
18:09 of 1st period - Snap shot by Derek Stepan.
18:09 of 1st period - Stopped by Philipp Grubauer with a rebound.
18:11 of 1st period - Wrist shot by Bobby Ryan.
18:11 of 1st period - Deflect By Adam Henrique.
18:11 of 1st period - Goal by Adam Henrique - Lightning : 3 - Jets : 1.
18:12 of 1st period - Ryan Johansen wins face-off versus Kris Versteeg in neutral zone.
18:24 of 1st period - Snap shot by Jason Akeson.
18:24 of 1st period - Shot Hit the Post.
19:01 of 1st period - Wrist shot by Marcus Johansson.
19:01 of 1st period - Stopped by Philipp Grubauer without a rebound.
19:02 of 1st period - Derek Stepan wins face-off versus Mark Scheifele in Lightning zone.
19:39 of 1st period - Erik Haula is hit by Tyler Johnson and loses puck.
Goals for this period are 3 for Lightning vs 1 for Jets.
Shots for this period are 10 for Lightning vs 12 for Jets.

2nd period


0:01 of 2nd period - Tyler Johnson wins face-off versus Derek Stepan in neutral zone.
0:07 of 2nd period - Snap shot by Kris Versteeg.
0:07 of 2nd period - Deflect By Henrik Zetterberg.
0:07 of 2nd period - Shot Misses the Net.
0:07 of 2nd period - Puck is out of play.
0:08 of 2nd period - Derek Stepan wins face-off versus Tyler Johnson in Jets zone.
1:01 of 2nd period - Off-side.
1:02 of 2nd period - Ryan Johansen wins face-off versus Mark Scheifele in neutral zone.
1:57 of 2nd period - Icing by Oscar Klefbom.
1:58 of 2nd period - Mark Scheifele wins face-off versus Sam Gagner in Jets zone.
2:09 of 2nd period - Wrist shot by Tyler Toffoli.
2:09 of 2nd period - Stopped by Jonathan Bernier with a rebound.
2:11 of 2nd period - Snap shot by Jon Merrill.
2:11 of 2nd period - Shot Blocked by Jared Spurgeon.
2:53 of 2nd period - Derek Stepan is hit by Henrik Zetterberg and loses puck.
3:00 of 2nd period - Slapshot by Tyler Johnson.
3:00 of 2nd period - Shot Misses the Net.
3:39 of 2nd period - Snap shot by Derek Roy.
3:39 of 2nd period - Stopped by Philipp Grubauer without a rebound.
3:40 of 2nd period - Derek Roy wins face-off versus Tyler Johnson in Lightning zone.
3:43 of 2nd period - Snap shot by Derek Roy.
3:43 of 2nd period - Stopped by Philipp Grubauer without a rebound.
3:44 of 2nd period - Tyler Johnson wins face-off versus Derek Stepan in Lightning zone.
4:11 of 2nd period - Ryan Johansen is hit by Jaden Schwartz and loses puck.
4:58 of 2nd period - Jon Merrill is hit by Josh Bailey and loses puck.
5:07 of 2nd period - Wrist shot by Darren Helm.
5:07 of 2nd period - Stopped by Jonathan Bernier without a rebound.
5:08 of 2nd period - Mark Scheifele wins face-off versus Derek Stepan in Jets zone.
5:09 of 2nd period - Snap shot by Jaden Schwartz.
5:09 of 2nd period - Shot Misses the Net.
5:11 of 2nd period - Snap shot by Rasmus Ristolainen.
5:11 of 2nd period - Shot Misses the Net.
5:13 of 2nd period - Slapshot by Tyler Toffoli.
5:13 of 2nd period - Shot Misses the Net.
5:15 of 2nd period - Wrist shot by Jaden Schwartz.
5:15 of 2nd period - Stopped by Jonathan Bernier without a rebound.
5:16 of 2nd period - Mark Scheifele wins face-off versus Derek Stepan in Jets zone.
5:17 of 2nd period - Wrist shot by Tyler Toffoli.
5:17 of 2nd period - Goal by Tyler Toffoli - Lightning : 4 - Jets : 1.
5:17 of 2nd period - Kari Lehtonen enters game.
5:18 of 2nd period - Tyler Johnson wins face-off versus Derek Stepan in neutral zone.
5:24 of 2nd period - Minor Penalty to Marco Scandella for Holding Stick.
5:25 of 2nd period - Erik Haula wins face-off versus Tyler Johnson in Jets zone.
5:38 of 2nd period - Slapshot by Jaden Schwartz.
5:38 of 2nd period - Shot Misses the Net.
5:40 of 2nd period - Snap shot by Jaden Schwartz.
5:40 of 2nd period - Shot Blocked by Erik Haula.
5:42 of 2nd period - Slapshot by Alex Goligoski.
5:42 of 2nd period - Deflect By Tyler Johnson.
5:42 of 2nd period - Goal by Tyler Johnson - Lightning : 5 - Jets : 1.
5:43 of 2nd period - Derek Stepan wins face-off versus Tyler Johnson in neutral zone.
5:46 of 2nd period - Slapshot by Marco Scandella.
5:46 of 2nd period - Deflect By Alex Goligoski.
5:46 of 2nd period - Stopped by Philipp Grubauer without a rebound.
5:47 of 2nd period - Tyler Johnson wins face-off versus Derek Stepan in Lightning zone.
5:47 of 2nd period - Tyler Johnson is hit by Adam Henrique.
6:01 of 2nd period - Snap shot by Henrik Zetterberg.
6:01 of 2nd period - Stopped by Kari Lehtonen without a rebound.
6:02 of 2nd period - Marcus Johansson wins face-off versus Mark Scheifele in Jets zone.
6:02 of 2nd period - Marcus Johansson is hit by Jaden Schwartz.
6:25 of 2nd period - Minor Penalty to Tyler Myers for Tripping.
6:26 of 2nd period - Erik Haula wins face-off versus Mark Scheifele in Jets zone.
7:03 of 2nd period - Snap shot by Jaden Schwartz.
7:03 of 2nd period - Shot Blocked by Oscar Klefbom.
7:05 of 2nd period - Snap shot by Tyler Toffoli.
7:05 of 2nd period - Stopped by Kari Lehtonen without a rebound.
7:06 of 2nd period - Erik Haula wins face-off versus Mark Scheifele in Jets zone.
7:31 of 2nd period - Snap shot by Jaden Schwartz.
7:31 of 2nd period - Stopped by Kari Lehtonen with a rebound.
7:33 of 2nd period - Wrist shot by Jaden Schwartz.
7:33 of 2nd period - Shot Blocked by Eric Gelinas.
7:35 of 2nd period - Snap shot by Jaden Schwartz.
7:35 of 2nd period - Shot Misses the Net.
7:37 of 2nd period - Slapshot by Rasmus Ristolainen.
7:37 of 2nd period - Goal by Rasmus Ristolainen - Lightning : 6 - Jets : 1.
7:38 of 2nd period - Tyler Johnson wins face-off versus Derek Stepan in neutral zone.
7:53 of 2nd period - Snap shot by Alex Goligoski.
7:53 of 2nd period - Shot Blocked by Marco Scandella.
8:38 of 2nd period - Snap shot by Kevin Hayes.
8:38 of 2nd period - Shot Misses the Net.
8:40 of 2nd period - Snap shot by Ronalds Kenins.
8:40 of 2nd period - Stopped by Philipp Grubauer without a rebound.
8:41 of 2nd period - Tyler Johnson wins face-off versus Derek Stepan in Lightning zone.
8:46 of 2nd period - Derek Stepan is hit by Tyler Johnson and loses puck.
9:07 of 2nd period - Rasmus Ristolainen is hit by Marco Scandella and loses puck.
9:24 of 2nd period - Marco Scandella is hit by Tyler Toffoli and loses puck.
9:35 of 2nd period - Slapshot by Tyler Myers.
9:35 of 2nd period - Stopped by Philipp Grubauer with a rebound.
10:03 of 2nd period - Ryan Johansen is hit by Jaden Schwartz and loses puck.
10:14 of 2nd period - Icing by Tyler Myers.
10:15 of 2nd period - Ryan Johansen wins face-off versus Kris Versteeg in Jets zone.
10:31 of 2nd period - Snap shot by Henrik Zetterberg.
10:31 of 2nd period - Deflect By Tyler Johnson.
10:31 of 2nd period - Stopped by Kari Lehtonen with a rebound.
10:43 of 2nd period - Slapshot by James Wright.
10:43 of 2nd period - Stopped by Kari Lehtonen without a rebound.
10:44 of 2nd period - James Wright wins face-off versus Derek Stepan in Jets zone.
11:19 of 2nd period - Wrist shot by Derek Stepan.
11:19 of 2nd period - Stopped by Philipp Grubauer without a rebound.
11:20 of 2nd period - Tyler Johnson wins face-off versus Derek Roy in Lightning zone.
11:51 of 2nd period - Snap shot by Jaden Schwartz.
11:51 of 2nd period - Deflect By Erik Haula.
11:51 of 2nd period - Stopped by Kari Lehtonen with a rebound.
11:53 of 2nd period - Slapshot by Rasmus Ristolainen.
11:53 of 2nd period - Shot Blocked by Sam Gagner.
12:06 of 2nd period - Icing by Bobby Ryan.
12:07 of 2nd period - Scottie Upshall wins face-off versus Derek Stepan in Jets zone.
12:18 of 2nd period - Alex Goligoski is hit by Bobby Ryan and loses puck.
12:37 of 2nd period - Wrist shot by Ryan Johansen.
12:37 of 2nd period - Goal by Ryan Johansen - Lightning : 6 - Jets : 2.
12:38 of 2nd period - Derek Stepan wins face-off versus Tyler Johnson in neutral zone.
13:05 of 2nd period - Mark Scheifele is hit by Marco Scandella and loses puck.
13:14 of 2nd period - Snap shot by Tyler Toffoli.
13:14 of 2nd period - Stopped by Kari Lehtonen with a rebound.
13:16 of 2nd period - Slapshot by Joni Pitkanen.
13:16 of 2nd period - Shot Misses the Net.
13:35 of 2nd period - Off-side.
13:36 of 2nd period - Derek Stepan wins face-off versus Tyler Johnson in neutral zone.
13:49 of 2nd period - Snap shot by Tyler Johnson.
13:49 of 2nd period - Goal by Tyler Johnson - Lightning : 7 - Jets : 2.
13:50 of 2nd period - Derek Stepan wins face-off versus Tyler Johnson in neutral zone.
14:24 of 2nd period - Marcus Johansson is hit by Jaden Schwartz and loses puck.
14:45 of 2nd period - Wrist shot by Patrick Kaleta.
14:45 of 2nd period - Shot Misses the Net.
14:47 of 2nd period - Backhand shot by Patrick Marleau.
14:47 of 2nd period - Goal by Patrick Marleau - Lightning : 8 - Jets : 2.
14:47 of 2nd period - Jonathan Bernier enters game.
14:48 of 2nd period - Tyler Johnson wins face-off versus Derek Stepan in neutral zone.
14:51 of 2nd period - Bobby Ryan is hit by Henrik Zetterberg and loses puck.
14:58 of 2nd period - Wrist shot by Kris Versteeg.
14:58 of 2nd period - Stopped by Jonathan Bernier with a rebound.
15:00 of 2nd period - Wrist shot by Henrik Zetterberg.
15:00 of 2nd period - Stopped by Jonathan Bernier with a rebound.
15:02 of 2nd period - Slapshot by Joni Pitkanen.
15:02 of 2nd period - Deflect By Kris Versteeg.
15:02 of 2nd period - Goal by Kris Versteeg - Lightning : 9 - Jets : 2.
15:03 of 2nd period - Tyler Johnson wins face-off versus Derek Stepan in neutral zone.
15:42 of 2nd period - Slapshot by Eric Gelinas.
15:42 of 2nd period - Stopped by Philipp Grubauer with a rebound.
16:16 of 2nd period - Snap shot by Josh Bailey.
16:16 of 2nd period - Shot Misses the Net.
16:18 of 2nd period - Snap shot by Jacob Trouba.
16:18 of 2nd period - Stopped by Philipp Grubauer with a rebound.
16:20 of 2nd period - Slapshot by Jared Spurgeon.
16:20 of 2nd period - Deflect By Erik Haula.
16:20 of 2nd period - Stopped by Philipp Grubauer with a rebound.
16:22 of 2nd period - Backhand shot by Jacob Trouba.
16:22 of 2nd period - Stopped by Philipp Grubauer with a rebound.
16:54 of 2nd period - Slapshot by Jaden Schwartz.
16:54 of 2nd period - Shot Blocked by Kevin Hayes.
17:56 of 2nd period - Snap shot by Adam Henrique.
17:56 of 2nd period - Stopped by Philipp Grubauer with a rebound.
17:58 of 2nd period - Snap shot by Bobby Ryan.
17:58 of 2nd period - Stopped by Philipp Grubauer with a rebound.
18:00 of 2nd period - Snap shot by Bobby Ryan.
18:00 of 2nd period - Shot Hit the Post.
18:02 of 2nd period - Wrist shot by Jacob Trouba.
18:02 of 2nd period - Stopped by Philipp Grubauer without a rebound.
18:03 of 2nd period - Tyler Johnson wins face-off versus Ryan Johansen in Lightning zone.
18:05 of 2nd period - Minor Penalty to Dustin Kohn for Roughing.
18:06 of 2nd period - Tyler Johnson wins face-off versus Derek Stepan in Lightning zone.
18:16 of 2nd period - Wrist shot by Kris Versteeg.
18:16 of 2nd period - Shot Misses the Net.
18:34 of 2nd period - Slapshot by Ryan Johansen.
18:34 of 2nd period - Stopped by Philipp Grubauer without a rebound.
18:35 of 2nd period - Tyler Johnson wins face-off versus Ryan Johansen in Lightning zone.
19:00 of 2nd period - Snap shot by Adam Henrique.
19:00 of 2nd period - Goal by Adam Henrique - Lightning : 9 - Jets : 3.
19:01 of 2nd period - Mark Scheifele wins face-off versus Derek Stepan in neutral zone.
19:10 of 2nd period - Snap shot by Mark Scheifele.
19:10 of 2nd period - Shot Misses the Net.
19:12 of 2nd period - Slapshot by Rasmus Ristolainen.
19:12 of 2nd period - Stopped by Jonathan Bernier without a rebound.
19:13 of 2nd period - Derek Stepan wins face-off versus Tyler Johnson in Jets zone.
19:26 of 2nd period - Tyler Myers is hit by Kris Versteeg and loses puck.
Goals for this period are 6 for Lightning vs 2 for Jets.
Shots for this period are 19 for Lightning vs 16 for Jets.

3rd period


0:01 of 3rd period - Derek Stepan wins face-off versus Tyler Johnson in neutral zone.
0:34 of 3rd period - Backhand shot by Oscar Klefbom.
0:34 of 3rd period - Shot Blocked by Tyler Toffoli.
1:12 of 3rd period - Snap shot by Kris Versteeg.
1:12 of 3rd period - Shot Misses the Net.
1:14 of 3rd period - Slapshot by Dustin Kohn.
1:14 of 3rd period - Shot Misses the Net.
1:16 of 3rd period - Slapshot by Dustin Kohn.
1:16 of 3rd period - Shot Misses the Net.
1:32 of 3rd period - Snap shot by Jaden Schwartz.
1:32 of 3rd period - Shot Misses the Net.
1:34 of 3rd period - Slapshot by Jon Merrill.
1:34 of 3rd period - Shot Misses the Net.
1:36 of 3rd period - Wrist shot by Tyler Toffoli.
1:36 of 3rd period - Shot Misses the Net.
1:38 of 3rd period - Snap shot by Mark Scheifele.
1:38 of 3rd period - Stopped by Jonathan Bernier with a rebound.
1:40 of 3rd period - Snap shot by Mark Scheifele.
1:40 of 3rd period - Shot Blocked by Tyler Myers.
1:42 of 3rd period - Wrist shot by Tyler Toffoli.
1:42 of 3rd period - Stopped by Jonathan Bernier with a rebound.
2:37 of 3rd period - Jaden Schwartz is hit by Ryan Johansen and loses puck.
3:28 of 3rd period - Slapshot by Bobby Ryan.
3:28 of 3rd period - Shot Misses the Net.
3:42 of 3rd period - Snap shot by Darren Helm.
3:42 of 3rd period - Deflect By Mikael Backlund.
3:42 of 3rd period - Stopped by Jonathan Bernier without a rebound.
3:43 of 3rd period - Ryan Johansen wins face-off versus Mikael Backlund in Jets zone.
3:48 of 3rd period - Snap shot by Scottie Upshall.
3:48 of 3rd period - Stopped by Jonathan Bernier with a rebound.
4:11 of 3rd period - Slapshot by Henrik Zetterberg.
4:11 of 3rd period - Shot Misses the Net.
4:35 of 3rd period - Slapshot by Erik Haula.
4:35 of 3rd period - Shot Misses the Net.
4:37 of 3rd period - Backhand shot by Oscar Klefbom.
4:37 of 3rd period - Stopped by Philipp Grubauer with a rebound.
4:44 of 3rd period - Icing by Tyler Toffoli.
4:45 of 3rd period - Derek Stepan wins face-off versus Mark Scheifele in Lightning zone.
4:48 of 3rd period - Snap shot by Adam Henrique.
4:48 of 3rd period - Shot Misses the Net.
4:50 of 3rd period - Snap shot by Derek Stepan.
4:50 of 3rd period - Stopped by Philipp Grubauer without a rebound.
4:51 of 3rd period - Adam Henrique wins face-off versus Henrik Zetterberg in Lightning zone.
5:16 of 3rd period - Slapshot by Tyler Myers.
5:16 of 3rd period - Deflect By Adam Henrique.
5:16 of 3rd period - Stopped by Philipp Grubauer with a rebound.
5:18 of 3rd period - Slapshot by Tyler Myers.
5:18 of 3rd period - Stopped by Philipp Grubauer without a rebound.
5:19 of 3rd period - Jaden Schwartz wins face-off versus Marcus Johansson in Lightning zone.
5:32 of 3rd period - Snap shot by Tyler Toffoli.
5:32 of 3rd period - Shot Misses the Net.
5:34 of 3rd period - Slapshot by Rasmus Ristolainen.
5:34 of 3rd period - Deflect By Jaden Schwartz.
5:34 of 3rd period - Shot Blocked by Marcus Johansson.
5:34 of 3rd period - Puck is out of play.
5:35 of 3rd period - Derek Stepan wins face-off versus Tyler Johnson in Jets zone.
5:40 of 3rd period - Slapshot by Marco Scandella.
5:40 of 3rd period - Deflect By Adam Henrique.
5:40 of 3rd period - Stopped by Philipp Grubauer without a rebound.
5:41 of 3rd period - Tyler Johnson wins face-off versus Derek Stepan in Lightning zone.
6:33 of 3rd period - Off-side.
6:34 of 3rd period - Derek Stepan wins face-off versus Tyler Johnson in neutral zone.
6:48 of 3rd period - Off-side.
6:49 of 3rd period - Mark Scheifele wins face-off versus Ryan Johansen in neutral zone.
7:23 of 3rd period - Kris Versteeg is hit by Derek Stepan and loses puck.
7:44 of 3rd period - Slapshot by Rasmus Ristolainen.
7:44 of 3rd period - Stopped by Jonathan Bernier with a rebound.
7:46 of 3rd period - Snap shot by Patrick Marleau.
7:46 of 3rd period - Shot Misses the Net.
8:03 of 3rd period - Slapshot by Dustin Kohn.
8:03 of 3rd period - Stopped by Jonathan Bernier with a rebound.
8:05 of 3rd period - Snap shot by Brendan Bell.
8:05 of 3rd period - Deflect By Mikael Backlund.
8:05 of 3rd period - Stopped by Jonathan Bernier with a rebound.
8:21 of 3rd period - Slapshot by Marcus Johansson.
8:21 of 3rd period - Stopped by Philipp Grubauer without a rebound.
8:22 of 3rd period - Tyler Johnson wins face-off versus Derek Stepan in Lightning zone.
8:30 of 3rd period - Wrist shot by Derek Stepan.
8:30 of 3rd period - Shot Misses the Net.
8:32 of 3rd period - Slapshot by Adam Henrique.
8:32 of 3rd period - Stopped by Philipp Grubauer with a rebound.
8:34 of 3rd period - Backhand shot by Bobby Ryan.
8:34 of 3rd period - Stopped by Philipp Grubauer without a rebound.
8:35 of 3rd period - Tyler Johnson wins face-off versus Ryan Johansen in Lightning zone.
8:45 of 3rd period - Minor Penalty to Kris Versteeg for Holding.
8:46 of 3rd period - Derek Stepan wins face-off versus Tyler Johnson in Lightning zone.
9:12 of 3rd period - Ryan Johansen is hit by Jon Merrill and loses puck.
9:19 of 3rd period - Slapshot by Oscar Klefbom.
9:19 of 3rd period - Stopped by Philipp Grubauer with a rebound.
9:31 of 3rd period - Snap shot by Derek Stepan.
9:31 of 3rd period - Stopped by Philipp Grubauer with a rebound.
10:09 of 3rd period - Scottie Upshall is hit by Ryan Johansen and loses puck.
10:34 of 3rd period - Joni Pitkanen is hit by Ryan Johansen and loses puck.
10:45 of 3rd period - Penalty to Kris Versteeg is over, Kris Versteeg is back on ice.
11:20 of 3rd period - Brendan Bell is hit by Kevin Hayes and loses puck.
11:31 of 3rd period - Jason Akeson is hit by Kris Versteeg and loses puck.
11:48 of 3rd period - Ronalds Kenins is hit by Jon Merrill and loses puck.
12:01 of 3rd period - James Wright is hit by Sam Gagner.
12:28 of 3rd period - Alex Goligoski is hit by Marco Scandella and loses puck.
12:57 of 3rd period - Marco Scandella is hit by James Wright.
13:00 of 3rd period - Tyler Myers is hit by Patrick Kaleta and loses puck.
13:05 of 3rd period - James Wright is hit by Josh Bailey and loses puck.
13:59 of 3rd period - Slapshot by Jared Spurgeon.
13:59 of 3rd period - Shot Blocked by Dustin Kohn.
14:22 of 3rd period - Slapshot by Mark Scheifele.
14:22 of 3rd period - Shot Misses the Net.
15:12 of 3rd period - Brendan Bell is hit by Oscar Klefbom and loses puck.
15:19 of 3rd period - Wrist shot by Marcus Johansson.
15:19 of 3rd period - Shot Misses the Net.
15:21 of 3rd period - Wrist shot by Marcus Johansson.
15:21 of 3rd period - Shot Misses the Net.
15:25 of 3rd period - Wrist shot by Marcus Johansson.
15:25 of 3rd period - Shot Misses the Net.
15:29 of 3rd period - Slapshot by Ryan Johansen.
15:29 of 3rd period - Shot Misses the Net.
15:31 of 3rd period - Slapshot by Eric Gelinas.
15:31 of 3rd period - Stopped by Philipp Grubauer without a rebound.
15:32 of 3rd period - Tyler Johnson wins face-off versus Adam Henrique in Lightning zone.
15:39 of 3rd period - Derek Stepan is hit by Tyler Johnson and loses puck.
15:48 of 3rd period - Snap shot by Henrik Zetterberg.
15:48 of 3rd period - Shot Misses the Net.
16:21 of 3rd period - Tyler Toffoli is hit by Ronalds Kenins and loses puck.
17:06 of 3rd period - Backhand shot by James Wright.
17:06 of 3rd period - Stopped by Jonathan Bernier with a rebound.
17:08 of 3rd period - Slapshot by Joni Pitkanen.
17:08 of 3rd period - Stopped by Jonathan Bernier without a rebound.
17:09 of 3rd period - Tyler Johnson wins face-off versus Derek Stepan in Jets zone.
17:47 of 3rd period - Snap shot by Patrick Marleau.
17:47 of 3rd period - Stopped by Jonathan Bernier with a rebound.
18:10 of 3rd period - Icing by Dustin Kohn.
18:11 of 3rd period - Derek Stepan wins face-off versus Mikael Backlund in Lightning zone.
Goals for this period are 0 for Lightning vs 0 for Jets.
Shots for this period are 10 for Lightning vs 11 for Jets.